 Dungeon Crawl Stone Soup version 0.32-a0-131-g9dbbe29261 (webtiles) character file.

Game seed: 14645261212045507287

37 whatisthis the Firebug (level 3, 0/24 HPs)
             Began as a Demonspawn Fire Elementalist on Feb 8, 2024.
             Succumbed to an adder's poison
             ... on level 2 of the Dungeon.
             The game lasted 00:03:57 (2006 turns).

whatisthis the Firebug (DsFE)                       Turns: 2006, Time: 00:03:58

Health: 0/24       AC:  5    Str: 12    XL:     3   Next: 23%
Magic:  0/6        EV: 12    Int: 17    God:
Gold:   93         SH:  0    Dex: 13    Spells: 6/7 levels left

rFire   . . .        n - +4 hand axe "Orb Guardian's Bane" {freeze, Str+4}
rCold   . . .        (no shield)
rNeg    . . .        a - +0 robe
rPois   .            (no helmet)
rElec   .            (no cloak)
rCorr   +            (no gloves)
SInv    .            (no boots)
Will    .....        (no amulet)
Stlth   ++           e - ring of resist corrosion
HPRegen 0.24/turn    (no ring)
MPRegen 0.10/turn

%: no passive effects
@: lethally poisoned (0 -> -1), very slightly contaminated
A: icy blue scales 2
a: no special abilities


You were on level 2 of the Dungeon.
You visited 1 branch of the dungeon, and saw 3 of its levels.

You collected 93 gold pieces.

Inventory:

Hand Weapons
 n - the +4 hand axe "Orb Guardian's Bane" (weapon) {freeze, Str+4}
   (You found it on level 2 of the Dungeon)

   Str+4:     It affects your strength (+4).
Missiles
 m - 4 javelins
 r - 2 throwing nets
Armour
 a - a +0 robe (worn)
Jewellery
 e - a ring of resist corrosion (left hand)
Scrolls
 d - 2 scrolls of enchant armour {unknown}
 g - a scroll of brand weapon {unknown}
 i - 3 scrolls of identify {unknown}
 p - a scroll of vulnerability {unknown}
 q - a scroll of enchant weapon {unknown}
Potions
 b - a potion of magic
 c - a potion of lignification {unknown}
 f - a potion of haste {unknown}
 h - a potion of mutation {unknown}
 j - a potion of curing {unknown}
 k - a potion of might {unknown}
 l - a potion of invisibility {unknown}
 o - a potion of heal wounds {unknown}


   Skills:
 - Level 1.7 Dodging
 - Level 1.7 Stealth
 + Level 2.6 Spellcasting
 + Level 1.9 Conjurations
 + Level 3.1 Fire Magic


You had 6 spell levels left.
You knew the following spells:

 Your Spells              Type           Power      Damage    Failure   Level
a - Foxfire               Conj/Fire      40%        2x1d6     6%          1

Your spell library contained the following spells:

 Spells                   Type           Power      Damage    Failure   Level
 Scorch                   Fire           26%        2d6       8%          2
 Lesser Beckoning         Tloc           4%         N/A       28%         2
 Inner Flame              Hex/Fire       7%         N/A       28%         3
 Volatile Blastmotes      Fire/Tloc      14%        2d11      28%         3
 Gell's Gravitas          Tloc           2%         N/A       50%         3
 Teleport Other           Tloc           2%         N/A       50%         3
 Flame Wave               Conj/Fire      10%        2d6       54%         4
 Plasma Beam              Fire/Air       3%         2x1d13    100%        6
 Starburst                Conj/Fire      5%         6d4       100%        6


Dungeon Overview and Level Annotations

Branches:
Dungeon (3/15)

Altars:

Annotations:
D:3 Ijyb


Innate Abilities, Weirdness & Mutations

You are mostly covered in icy blue scales. (AC +3)


Message History

The adder is almost dead.
You hit the hobgoblin. You freeze the hobgoblin.
You feel sick. The adder bites you.
You are more poisoned.
The adder poisons you! The hobgoblin hits you.
Unknown command.
You miss the adder.
The adder is almost dead.
You hit the hobgoblin. You freeze the hobgoblin.
You kill the hobgoblin!
You feel very sick. The adder bites you. The adder barely misses you.
Unknown command.
You barely miss the adder.
The adder is almost dead.
You feel sick.
The adder bites you but does no damage. x2
You barely miss the adder.
The adder is almost dead.
You feel sick. The adder barely misses you.
Unknown command.
You barely miss the adder.
The adder is almost dead.
You feel sick. The adder bites you.
* * * LOW HITPOINT WARNING * * *
The adder misses you.
Casting: Foxfire (safe; 6% risk of failure)
Press: ? - help, Q - select action, (/) - cycle Dir - look around, f - activate You miscast Foxfire.
You are very lightly contaminated with residual magic.
Nothing appears to happen.
You feel sick. The adder bites you.
* * * LOW HITPOINT WARNING * * *
Unknown command.
Casting: Foxfire (safe; 6% risk of failure)
Press: ? - help, Q - select action, (/) - cycle Dir - look around, f - activate You conjure some foxfire!
* * * LOW HITPOINT WARNING * * *
You feel sick. The adder closely misses you. The adder misses you.
Unknown command.
You die...

########### #..........
#.######### ##################
#.# # #........).......# #.# #
#.##############.######.# #
#.####.........#v#....#.# #
'...............@###..#.### #
#.####.#######.v.S........# #
#.##.....# ###รท#.#.##.#.# #
#.##.#.#.# #.....#....#.# #
#.##+#+#'### #.#.###......#######
#.#........# #...................
#.#........# #...................
#''........# ##..####.###########
...........####................##


You could see an adder (ally target).

Vanquished Creatures
  2 dart slugs (D:1)
  10 goblins
  6 hobgoblins
  A quokka (D:2)
  4 ball pythons
  3 bats
  3 frilled lizards
  3 rats (D:1)
32 creatures vanquished.

Vanquished Creatures (others)
  81 foxfires
81 creatures vanquished.

Grand Total: 113 creatures vanquished

Notes
Turn   | Place    | Note
-------+----------+-------------------------------------------
     0 | D:1      | whatisthis the Demonspawn Fire Elementalist began the quest
                  | for the Orb.
     0 | D:1      | Reached XP level 1. HP: 13/13 MP: 3/3
   251 | D:1      | Gained mutation: You are partially covered in icy blue
                  | scales. (AC +2) [demonic ancestry]
   251 | D:1      | Reached XP level 2. HP: 19/19 MP: 0/5
   723 | D:1      | Reached skill level 3 in Fire Magic
   818 | D:1      | Found a faded altar of an unknown god.
  1086 | D:2      | Identified the +4 hand axe "Orb Guardian's Bane" {freeze,
                  | Str+4}
  1832 | D:2      | Gained mutation: You are mostly covered in icy blue scales.
                  | (AC +3) [demonic ancestry]
  1832 | D:2      | Reached XP level 3. HP: 24/24 MP: 3/6
  1947 | D:3      | Noticed Ijyb
  2004 | D:2      | HP: 1/24 [adder (4)]
  2006 | D:2      | Succumbed to an adder's poison

Illustrated notes

Levels and vault maps discovered:
D:1:      psy_arrival_conway, layout_rooms,
          shapermc_ecumenical_altar_mp_urbaneastern
D:2:      layout_basic
D:3:      layout_basic, nemelex_dance_club_becter, uniq_ijyb, uniq_robin

Skill      XL: |  1  2 |
---------------+-------+-----
Fire Magic     | 3 |  3.1
Dodging        | |  1.7
Stealth        | |  1.7
Spellcasting   | |  2.6
Conjurations   | |  1.9

Action                     || total
---------------------------++-------
  Melee: Hand axe          ||    16
         Unarmed           ||     4
   Cast: Foxfire           ||    49
 Armour: Robe              ||    29
  Dodge: Dodged            ||    23

Table legend: (Time is in decaauts)
 A = Elapsed time spent in this place.
 B = Non-inter-level travel time spent in this place.
 C = Inter-level travel time spent in this place.
 D = Time resting spent in this place.
 E = Time spent auto-exploring this place.
 F = Levels seen in this place.
 G = Mean time per level.
                   A        B        C        D        E       F      G
               +--------+--------+--------+--------+--------+-----+--------+
         Total |   2014 |   1920 |     94 |    230 |   1322 |   3 |  671.3 |
       Dungeon |   2014 |   1920 |     94 |    230 |   1322 |   3 |  671.3 |
               +--------+--------+--------+--------+--------+-----+--------+

Top non-repeatable levels by time:
     D:2: 1056 daAuts
     D:1: 924 daAuts
     D:3: 34 daAuts
